 Dungeon Crawl Stone Soup version 0.21.0-24-g2553a3340b (webtiles) character file.

54162 Pixllover the Tortoise (level 14, -11/137 HPs)
             Began as a Minotaur Berserker on Jan 19, 2018.
             Was the Champion of Trog.
             Killed from afar by Ilsuiw (25 damage)
             ... with a shard of ice
             ... on level 4 of the Shoals.
             The game lasted 00:54:27 (15266 turns).

Pixllover the Tortoise (Minotaur Berserker)        Turns: 15266, Time: 00:54:28

Health: -11/137    AC: 34    Str: 31    XL:     14   Next: 33%
Magic:  11/13      EV: 18    Int: 18    God:    Trog [******]
Gold:   965        SH:  0    Dex: 12    Spells: 13/13 levels left

rFire    . . .     SeeInvis .   o - +10 dagger of Jicemimp {elec, Str+6 Int+6}
rCold    . . .     Gourm    .   (no shield)
rNeg     . . .     Faith    .   f - +4 plate armour
rPois    +         Spirit   .   (helmet restricted)
rElec    .         Reflect  .   (no cloak)
rCorr    .         Harm     .   g - +2 pair of gloves
MR       +....     Clarity  +   J - +1 pair of boots "Gycoolyi" {*Slow +Inv Int+8 Stlth-}
Stlth    ..........             H - amulet of regeneration
HPRegen  0.72/turn              G - +6 ring of evasion
MPRegen  0.13/turn              b - +3 ring of protection

@: engulfed (cannot breathe), berserk cooldown, very slightly contaminated,
slowed, invisible, very slow
A: retaliatory headbutt, horns 2, iridescent scales 1, clarity, poison
resistance
a: Berserk, Trog's Hand, Brothers in Arms, Burn Spellbooks, Renounce Religion


You were on level 4 of the Shoals.
You worshipped Trog.
Trog was exalted by your worship.
You were very hungry.

You visited 4 branches of the dungeon, and saw 16 of its levels.
You also visited: Ossuary and Ice Cave.

You collected 965 gold pieces.

Inventory:

Hand Weapons
 o - the +10 dagger of Jicemimp (weapon) {elec, Str+6 Int+6}
   (You found it on level 4 of the Dungeon)

   Occasionally, upon striking a foe, it will discharge some electrical energy
   and cause terrible harm.
   It affects your strength (+6).
   It affects your intelligence (+6).
 E - a +4 antimagic short sword
 I - a +0 battleaxe
 N - a +2 battleaxe of freezing
 R - the +0 spear of the Maze {freeze, Int+4}
   (You found it on level 3 of the Shoals)

   It has been specially enchanted to freeze those struck by it, causing extra
   injury to most foes and up to half again as much damage against particularly
   susceptible opponents.
   It can also slow down cold-blooded creatures.
   It affects your intelligence (+4).
Missiles
 d - 12 tomahawks (quivered)
 h - 2 steel tomahawks
 m - 24 poisoned needles
 r - 8 curare-tipped needles
 Q - 3 javelins of penetration
Armour
 f - a +4 plate armour (worn)
 g - a +2 pair of gloves (worn)
 J - the +1 pair of boots "Gycoolyi" (worn) {*Slow +Inv Int+8 Stlth-}
   (You found it in an ice cave)

   It affects your intelligence (+8).
   It lets you turn invisible.
   It may slow you when you take damage.
   It makes you less stealthy.
Jewellery
 b - a +3 ring of protection (right hand)
 v - a +3 ring of dexterity
 F - an uncursed ring of flight
 G - a +6 ring of evasion (left hand)
 H - an amulet of regeneration (around neck)
 L - an uncursed ring of protection from cold
 M - an uncursed ring of protection from cold
Wands
 s - a wand of polymorph (8)
 u - a wand of paralysis (14)
 y - a wand of digging (19)
 O - a wand of acid (6)
 P - a wand of enslavement (8)
Scrolls
 i - 5 scrolls of remove curse
 l - 4 scrolls of identify
 q - 5 scrolls of teleportation
 w - 3 scrolls of fog
 x - a scroll of immolation {unknown}
 C - a scroll of blinking
 K - a scroll of holy word {unknown}
 T - a scroll of magic mapping
Potions
 a - 2 potions of resistance
 e - 2 potions of haste
 j - 3 potions of lignification
 k - 4 potions of flight
 t - 3 potions of brilliance
 z - 4 potions of agility
 A - 7 potions of curing
 B - 2 potions of heal wounds
Miscellaneous
 n - a lightning rod (4/4)
 p - a lamp of fire
 D - a fan of gales
 S - a lamp of fire
 V - a fan of gales
Comestibles
 c - 28 rations


   Skills:
 + Level 16.0 Fighting
 + Level 11.2 Short Blades
 + Level 9.1 Axes
 + Level 18.4 Armour
 + Level 6.3 Dodging
 + Level 1.8 Stealth


You had 13 spell levels left.
You didn't know any spells.

Dungeon Overview and Level Annotations

Branches:
Dungeon (9/15)             Temple (1/1) D:6            Lair (2/6) D:9
 Shoals (4/4) Lair:2
  Snake: Lair:2-4    Spider: Lair:2-4       Orc: D:9-12

Altars:
Ashenzari
Cheibriados
Dithmenos
Elyvilon
Fedhas
Gozag
Hepliaklqana
Kikubaaqudgha
Makhleb
Nemelex Xobeh
Okawaru
Qazlal
Ru
Sif Muna
Trog
Uskayaw
Vehumet
Wu Jian
Xom
Yredelemnul
Zin
The Shining One

Annotations:
Shoals:4 Ilsuiw


Innate Abilities, Weirdness & Mutations

You reflexively headbutt those who attack you in melee.
You have a pair of horns on your head.
You are partially covered in iridescent scales. (AC +2)
You possess an exceptional clarity of mind.
Your system is resistant to poisons. (rPois)


Message History

You are unaffected.
The merfolk siren chants a haunting song.
You are unaffected.
The water elemental misses you.
You fade into invisibility!
You are very lightly contaminated with residual magic.
You are feeling very hungry.
* * * LOW HITPOINT WARNING * * *
Your lungs strain for air!
The water elemental disappears in a puff of smoke!
The merfolk siren chants a haunting song.
You are unaffected.
The manticore closely misses you. x2
The manticore claws you but does no damage.
The merfolk javelineer hits you with a vampiric spear!
* * * LOW HITPOINT WARNING * * *
The merfolk javelineer hits you but does no damage.
The merfolk siren closely misses you. x2; You furiously retaliate!
You headbutt the merfolk siren.
A shard of ice appears from out of thin air!
The shard of ice hits you!
You die...

.≈ ....... ..(≈..
....... ..#.#.
#≈.......... #≈...≈
........... ≈.#.#.#
#.........#
..≈...##........#
#..$mm......<.#
#m.@..^.....#
≈#####)HEE...(...#
≈≈≈≈≈.mm.§.[.....#
≈PPPP........<...#
PPP≈≈.P(.....(....#
≈≈≈≈≈≈P........%...#
≈≈≈PP≈≈(P......≈....≈
≈≈≈PPP≈.......(≈≈≈≈≈≈
####≈PP......(..≈≈≈≈≈


You could see 2 merfolk javelineers, a manticore, 2 water elementals and 3
merfolk sirens.

Vanquished Creatures
  A frost giant (IceCv)
  The ghost of oldnick the Thaumaturge, a journeyman DgCj (Shoals:1)
  A merfolk impaler (Shoals:1)
  2 merfolk javelineers
  A hydra (Lair:1)
  An alligator snapping turtle (Shoals:2)
  Erica (D:8)
  2 two-headed ogres
  The ghost of Pixllover the Cleaver, a novice MiBe of Trog (D:8)
  6 sea snakes
  Pikel (D:8)
  11 harpies
  2 cyclopes
  12 manticores
  11 fauns
  Joseph (D:8)
  5 merfolk sirens
  The ghost of eskilway the Grappler, a novice TrMo (D:4)
  2 black mambas (Lair:1)
  Psyche (D:8)
  A water nymph (Shoals:2)
  An ice statue (IceCv)
  A spiny frog (Lair:2)
  3 komodo dragons
  4 wind drakes
  16 merfolk
  21 polar bears (IceCv)
  A hornet (D:3)
  6 dream sheep
  4 hippogriffs
  7 snapping turtles
  A spriggan (D:7)
  Sigmund (D:3)
  29 yaks
  3 water elementals
  A basilisk (Lair:2)
  A hungry ghost (D:9)
  2 water moccasins (Lair:1)
  Edmund (D:6)
  4 porcupines
  3 slaves (D:8)
  An orc warrior (D:7)
  3 ogres
  A phantom (D:4)
  4 ice beasts
  19 wolves
  2 crocodiles
  2 centaurs
  2 big kobolds
  3 elf zombies (Ossuary)
  8 bullfrogs
  A gnoll sergeant (D:9)
  A scorpion (D:7)
  8 killer bees
  A howler monkey (D:4)
  A crimson imp (D:6)
  5 centaur zombies (Ossuary)
  3 hounds
  4 human zombies (Ossuary)
  2 jellies
  4 orc priests
  A bullfrog skeleton (D:5)
  A centaur skeleton (D:8)
  4 iguanas
  6 orc wizards
  4 worker ants
  3 mummies (Ossuary)
  A worker ant zombie (D:5)
  A howler monkey skeleton (D:9)
  7 adders
  13 gnolls
  4 river rats (D:5)
  A shadow imp (D:6)
  2 oozes
  An adder skeleton (D:4)
  An adder zombie (D:5)
  3 worms
  2 dart slugs
  7 leopard geckos
  20 orcs
  4 bats
  6 giant cockroaches
  6 goblins
  11 hobgoblins
  8 jackals
  6 quokkas
  3 ball pythons
  4 frilled lizards (D:2)
  A goblin zombie (D:6)
  A jackal skeleton (D:7)
  15 kobolds
  A leopard gecko skeleton (D:5)
  2 quokka zombies
  2 rats
  10 plants
412 creatures vanquished.

Vanquished Creatures (others)
  A plant (Shoals:1)
1 creature vanquished.

Grand Total: 413 creatures vanquished

Notes
Turn   | Place    | Note
-------+----------+-------------------------------------------
     0 | D:1      | Pixllover the Minotaur Berserker began the quest for the Orb.
     0 | D:1      | Reached XP level 1. HP: 19/19 MP: 0/0
    71 | D:1      | Reached XP level 2. HP: 20/27 MP: 1/1
   203 | D:1      | Reached ** piety under Trog
   313 | D:1      | Reached XP level 3. HP: 33/33 MP: 2/2
  1186 | D:2      | Reached XP level 4. HP: 30/41 MP: 3/3
  1206 | D:2      | Reached skill level 5 in Axes
  1659 | D:3      | Noticed a hornet
  1663 | D:3      | Killed a hornet
  1663 | D:3      | Reached skill level 5 in Fighting
  1663 | D:3      | Reached skill level 3 in Armour
  1663 | D:3      | Reached XP level 5. HP: 48/48 MP: 4/4
  1663 | D:3      | Reached XP level 6. HP: 56/56 MP: 5/5
  1707 | D:3      | Noticed Sigmund
  1713 | D:3      | Killed Sigmund
  1729 | D:3      | Found a sacrificial altar of Ru.
  2471 | D:4      | Noticed eskilway's ghost (novice TrMo)
  2486 | D:4      | Killed eskilway's ghost
  2486 | D:4      | Reached skill level 4 in Armour
  2486 | D:4      | Reached XP level 7. HP: 63/63 MP: 6/6
  2572 | D:4      | Got an iridescent dagger
  2573 | D:4      | Identified the +10 dagger of Jicemimp {elec, Str+6 Int+6} (You found it on level 4 of the Dungeon)
  2600 | D:4      | Reached *** piety under Trog
  2600 | D:4      | Reached skill level 5 in Armour
  2631 | D:4      | Found a shadowy altar of Dithmenos.
  2712 | D:4      | Found a snail-covered altar of Cheibriados.
  2722 | D:4      | Reached XP level 8. HP: 11/71 MP: 7/7
  3184 | D:4      | Reached skill level 6 in Armour
  3478 | D:5      | Entered Level 5 of the Dungeon
  3500 | D:5      | Reached skill level 1 in Short Blades
  3616 | D:5      | Found a hazy altar of Hepliaklqana.
  3624 | D:5      | Reached skill level 7 in Armour
  3924 | D:5      | Gained mutation: You are agile. (Dex +2) [potion of mutation]
  3924 | D:5      | Gained mutation: You passively map a small area around you. [potion of mutation]
  4294 | D:6      | Found an ancient bone altar of Kikubaaqudgha.
  4299 | D:6      | Found a glowing silver altar of Zin.
  4341 | D:6      | Noticed Edmund
  4412 | D:6      | Killed Edmund
  4581 | D:6      | Found a sand-covered staircase.
  4600 | Ossuary  | Entered an ossuary
  4639 | Ossuary  | Lost mutation: You are agile. (Dex +2) [potion of mutation]
  4639 | Ossuary  | Lost mutation: You passively map a small area around you. [potion of mutation]
  4639 | Ossuary  | Gained mutation: Your system is resistant to poisons. (rPois) [potion of mutation]
  4639 | Ossuary  | Gained mutation: You are partially covered in iridescent scales. (AC +2) [potion of mutation]
  4639 | Ossuary  | Gained mutation: You possess an exceptional clarity of mind. [potion of mutation]
  4668 | Ossuary  | Reached skill level 8 in Armour
  4668 | Ossuary  | Reached XP level 9. HP: 72/81 MP: 8/8
  4671 | Ossuary  | Reached **** piety under Trog
  5293 | D:6      | Found a staircase to the Ecumenical Temple.
  5307 | Temple   | Entered the Ecumenical Temple
  5874 | D:7      | Reached skill level 1 in Stealth
  5927 | D:7      | Reached skill level 5 in Short Blades
  6361 | D:7      | Reached skill level 9 in Armour
  6534 | D:8      | Noticed Erica
  6547 | D:8      | Killed Erica
  6547 | D:8      | Reached XP level 10. HP: 72/91 MP: 9/9
  6616 | D:8      | Reached ***** piety under Trog
  6621 | D:8      | Noticed Psyche
  6623 | D:8      | Found an iron altar of Okawaru.
  6625 | D:8      | Killed Psyche
  6719 | D:8      | Noticed Pixllover's ghost (novice MiBe)
  6721 | D:8      | Noticed a two-headed ogre
  6735 | D:8      | Killed Pixllover's ghost
  6738 | D:8      | Killed a two-headed ogre
  6738 | D:8      | Reached skill level 10 in Armour
  6775 | D:8      | Noticed Joseph
  6786 | D:8      | Noticed Pikel
  6786 | D:8      | Killed Joseph
  6813 | D:8      | Killed Pikel
  6813 | D:8      | Reached skill level 10 in Fighting
  7324 | D:9      | Noticed a two-headed ogre
  7332 | D:9      | Killed a two-headed ogre
  7353 | D:9      | Reached skill level 11 in Armour
  7503 | D:9      | Reached XP level 11. HP: 99/101 MP: 10/10
  7596 | D:9      | Received a gift from Trog
  7887 | D:9      | Found a staircase to the Lair.
  8038 | Lair:1   | Entered Level 1 of the Lair of Beasts
  8320 | Lair:1   | Reached skill level 10 in Short Blades
  8453 | Lair:1   | Noticed a four-headed hydra
  8463 | Lair:1   | Killed a four-headed hydra
  8463 | Lair:1   | Reached skill level 12 in Armour
  9169 | Lair:2   | Reached skill level 13 in Armour
  9389 | Lair:2   | Noticed a lindwurm
  9390 | Lair:2   | Noticed a lindwurm
  9393 | Lair:2   | Noticed a lindwurm
  9408 | Lair:2   | Noticed a lindwurm
  9413 | Lair:2   | Found a staircase to the Shoals.
  9530 | Lair:2   | Found a frozen archway.
  9561 | IceCv    | Entered an ice cave
  9882 | IceCv    | Reached XP level 12. HP: 87/113 MP: 11/11
  9927 | IceCv    | Received a gift from Trog
  9927 | IceCv    | Reached skill level 14 in Armour
 10437 | IceCv    | Reached skill level 5 in Dodging
 10592 | IceCv    | Noticed a frost giant
 10604 | IceCv    | Killed a frost giant
 10604 | IceCv    | Reached skill level 15 in Armour
 10690 | IceCv    | Got a pair of transparent boots
 10696 | IceCv    | Identified the +1 pair of boots "Gycoolyi" {*Slow +Inv Int+8 Stlth-} (You found it in an ice cave)
 11556 | Shoals:1 | Entered Level 1 of the Shoals
 11803 | Shoals:1 | Noticed oldnick's ghost (journeyman DgCj)
 11828 | Shoals:1 | Killed oldnick's ghost
 11865 | Shoals:1 | Reached XP level 13. HP: 107/124 MP: 12/12
 11945 | Shoals:1 | Reached skill level 16 in Armour
 12078 | Shoals:1 | Noticed a merfolk impaler
 12095 | Shoals:1 | Killed a merfolk impaler
 12890 | Shoals:2 | Reached skill level 15 in Fighting
 13079 | Shoals:2 | Noticed a merfolk javelineer
 13093 | Shoals:2 | Killed a merfolk javelineer
 13093 | Shoals:2 | Reached skill level 17 in Armour
 14078 | Shoals:3 | Reached XP level 14. HP: 136/136 MP: 13/13
 14205 | Shoals:3 | Reached ****** piety under Trog
 14205 | Shoals:3 | Received a gift from Trog
 14359 | Shoals:3 | Got a bloodstained spear
 14360 | Shoals:3 | Identified the cursed +0 spear of the Maze {freeze, Int+4} (You found it on level 3 of the Shoals)
 14394 | Shoals:3 | Reached skill level 18 in Armour
 15217 | Shoals:4 | Entered Level 4 of the Shoals
 15219 | Shoals:4 | Noticed Ilsuiw
 15257 | Shoals:4 | Received a gift from Trog
 15266 | Shoals:4 | Killed from afar by Ilsuiw

Skill      XL: |  1  2  3  4  5  6  7  8  9 10 11 12 13 14 |
---------------+-------------------------------------------+-----
Fighting       | 4 5 6 8 9 10 12 14 15 16 | 16.0
Axes           | 4 6 8 9 |  9.1
Armour         | 3 4 5 8 9 11 13 15 17 18 | 18.4
Short Blades   | 2 7 9 10 11 | 11.2
Dodging        | 3 4 5 6 |  6.3
Stealth        | 1 |  1.8

Action                   |  1- 3 |  4- 6 |  7- 9 | 10-12 | 13-15 || total
-------------------------+-------+-------+-------+-------+-------++-------
Melee: Hand axe          |    92 |    79 |       |       |       ||   171
       Headbutt          |    17 |    17 |    69 |   125 |   164 ||   392
       Dagger            |       |       |   281 |   451 |   477 ||  1209
       Short sword       |       |       |       |    18 |       ||    18
Invok: Berserk           |       |     3 |     2 |     6 |     3 ||    14
       Burn Spellbooks   |       |       |     1 |     3 |       ||     4
 Abil: Evoke Invisibilit |       |       |       |       |     1 ||     1
  Use: Scroll            |     4 |     4 |     3 |    17 |     8 ||    36
       Potion            |     1 |       |     8 |     2 |     2 ||    13
  Eat: Chunk             |     1 |     6 |     9 |    16 |    10 ||    42
       Ration            |       |       |     2 |     2 |     1 ||     5
Armor: Plate armour      |    81 |    47 |   166 |   224 |   275 ||   793
Dodge: Dodged            |    31 |    27 |   101 |   349 |   406 ||   914
